 Dungeon Crawl Stone Soup version 0.27-a0-553-ge0ab5a2769 (webtiles) character file.

Game seed: 3135748557294357161

287 Gaff the Stinger (level 6, -7/42 HPs)
             Began as a Demonspawn Venom Mage on Mar 8, 2021.
             Killed by nerve-wracking pain
             ... invoked by Menkaure
              (13 damage)
             ... in an ossuary.
             The game lasted 00:14:39 (5540 turns).

Gaff the Stinger (Demonspawn Venom Mage)            Turns: 5540, Time: 00:14:39

Health: -7/42      AC:  4    Str:  8    XL:     6   Next: 8%
Magic:  11/11      EV: 12    Int: 24    God:
Gold:   158        SH:  4    Dex: 14    Spells: 11/12 levels left

rFire    . . .     SeeInvis .   a - +2 hand axe (flame)
rCold    . . .     Faith    .   (no shield)
rNeg     . . .     Spirit   .   o - +0 robe
rPois    .         Reflect  .   (no helmet)
rElec    .         Harm     .   (no cloak)
rCorr    .         Rampage  .   j - +0 pair of gloves
Will     .....                  (no boots)
Stlth    ++........             (no amulet)
HPRegen  0.14/turn              d - +6 ring of intelligence
MPRegen  0.12/turn              (no ring)

@: no status effects
A: rugged brown scales 1, spiny 1, condensation shield
a: no special abilities


You were in an ossuary.
You visited 1 branch of the dungeon, and saw 4 of its levels.
You also visited: Ossuary.

You collected 158 gold pieces.

Inventory:

Hand Weapons
 a - a +2 hand axe of flaming (weapon)
 b - a +0 short sword
 c - a +0 dagger
 e - a +2 dagger of distortion
Missiles
 s - 7 silver javelins
Armour
 j - a +0 pair of gloves (worn)
 o - a +0 robe (worn)
 p - a +0 kite shield
Jewellery
 d - a +6 ring of intelligence (left hand)
Scrolls
 f - a scroll of random uselessness {unknown}
 g - 2 scrolls of amnesia {unknown}
 h - 3 scrolls of teleportation
 m - 3 scrolls of fear {unknown}
 n - 3 scrolls of identify
 r - a scroll of fog {unknown}
Potions
 i - 3 potions of lignification {unknown}
 k - a potion of degeneration {unknown}
 l - a potion of might {unknown}
 q - a potion of curing {unknown}
 t - a potion of heal wounds {unknown}


   Skills:
 - Level 0.4 Short Blades
 + Level 1.7 Axes
 + Level 1.9 Dodging
 - Level 1.8 Stealth
 - Level 0.1 Shields
 + Level 3.9 Spellcasting
 - Level 0.8 Transmutations
 + Level 5.0 Poison Magic


You had 11 spell levels left.
You knew the following spells:

 Your Spells              Type           Power      Damage    Failure   Level
a - Sting                 Tmut/Pois      72%        1d6       3%          1

Your spell library contained the following spells:

 Spells                   Type           Power      Damage    Failure   Level
 Poisonous Vapours        Pois/Air       32%        N/A       5%          2
 Olgreb's Toxic Radiance  Pois           28%        N/A       12%         4
 Ignite Poison            Fire/Tmut/Pois 14%        N/A       13%         3
 Mephitic Cloud           Conj/Pois/Air  12%        N/A       16%         3


Dungeon Overview and Level Annotations

Branches:
Dungeon (4/15)            Ossuary (1/1)
 Temple: D:4-7

Altars:

Annotations:
Ossuary Menkaure


Innate Abilities, Weirdness & Mutations

You are partially covered in rugged brown scales. (AC +1, +3% HP)
You are partially covered in sharp spines.
A meltable shield of frost defends you. (SH +4)


Message History

You hit the mummy but do no damage.
The mummy is heavily damaged.
You block the mummy's attack.
You hit the mummy. You burn the mummy.
The mummy is severely damaged.
The mummy is struck by your spines. The mummy hits you!
You barely miss the mummy.
The mummy is almost destroyed.
You block the mummy's attack.
You hit the mummy. You burn the mummy.
You destroy the mummy!
You start resting.
HP restored.
You start waiting.
Done waiting.
A hobgoblin skeleton comes into view.
You hit the hobgoblin skeleton. You burn the hobgoblin skeleton.
You destroy the hobgoblin skeleton!
Menkaure, Prince of Dust comes into view.
A hobgoblin skeleton comes into view.
Casting: Sting (safe; 3% risk of failure)
Confirm with . or Enter, or press ? or * to list all spells.
Okay, then.
Menkaure shouts!
Okay, then.
Menkaure hits you.
You hit Menkaure but do no damage. Menkaure hits you!
You hit Menkaure. You burn Menkaure.
Menkaure is lightly damaged.
Menkaure is struck by your spines. Menkaure closely misses you.
You barely miss Menkaure.
Menkaure is moderately damaged.
Menkaure hits you!!
* * * LOW HITPOINT WARNING * * *
Menkaure calls on the powers of darkness!
Your body is wracked with pain!
* * * LOW HITPOINT WARNING * * *
Menkaure gestures at you while chanting.
Pain shoots through your body!
You die...

.##.Z# ##..##..##..## ##..#
##M.##.^##..## #..#
##^.##..##..## .# ##..##..##..##
##..##..##..## ##..##.^##..##
##..##..##.^##
####################..##..##..##
................@..M.^.##..##..##
##########################..##..#
................^............##∩∩
#################################


You could see Menkaure.

Vanquished Creatures
  Terence (D:2)
  2 worker ants
  3 mummies (Ossuary)
  7 adders
  An ufetubus (D:2)
  2 worms
  2 dart slugs
  4 leopard geckos
  An orc (D:3)
  6 bats
  A giant cockroach (D:3)
  10 goblins
  8 hobgoblins
  A ball python (D:1)
  8 frilled lizards
  A gnoll skeleton (Ossuary)
  4 gnoll zombies (Ossuary)
  3 goblin skeletons (Ossuary)
  4 goblin zombies (Ossuary)
  5 hobgoblin skeletons (Ossuary)
  7 hobgoblin zombies (Ossuary)
  5 kobolds
  2 kobold skeletons (Ossuary)
  3 kobold zombies (Ossuary)
  3 orc skeletons (Ossuary)
  2 orc zombies (Ossuary)
  8 rats
  5 rat skeletons (Ossuary)
  5 rat zombies (Ossuary)
114 creatures vanquished.

Vanquished Creatures (others)
  A rat skeleton (Ossuary)
1 creature vanquished.

Grand Total: 115 creatures vanquished

Notes
Turn   | Place    | Note
-------+----------+-------------------------------------------
     0 | D:1      | Gaff the Demonspawn Venom Mage began the quest for the Orb.
     0 | D:1      | Reached XP level 1. HP: 13/13 MP: 3/3
   336 | D:1      | Gained mutation: You are partially covered in rugged brown
                  | scales. (AC +1, +3% HP) [demonic ancestry]
   336 | D:1      | Reached XP level 2. HP: 13/19 MP: 0/5
  1329 | D:2      | Reached XP level 3. HP: 24/24 MP: 6/6
  1560 | D:1      | Reached skill level 4 in Poison Magic
  1914 | D:2      | Gained mutation: A meltable shield of frost defends you.
                  | (SH +4) [demonic ancestry]
  1914 | D:2      | Reached XP level 4. HP: 25/30 MP: 5/8
  2203 | D:2      | Noticed Terence
  2227 | D:2      | Killed Terence
  2406 | D:2      | Reached XP level 5. HP: 31/36 MP: 5/10
  2930 | D:3      | Found a faded altar of an unknown god.
  3746 | D:4      | Noticed an ogre
  3763 | D:4      | Found a sand-covered staircase.
  3769 | Ossuary  | Entered an ossuary
  4042 | Ossuary  | Reached skill level 5 in Poison Magic
  4669 | Ossuary  | Reached skill level 1 in Axes
  4957 | Ossuary  | Gained mutation: You are partially covered in sharp spines.
                  | [demonic ancestry]
  4957 | Ossuary  | Reached XP level 6. HP: 18/42 MP: 11/11
  5521 | Ossuary  | Noticed Menkaure
  5540 | Ossuary  | Killed from afar by Menkaure

Illustrated notes

Levels and vault maps discovered:
D:1:      saegor_arrival_simple_d, layout_loops_ring
D:2:      layout_rooms, minmay_divided_ellipse, uniq_terence
D:3:      layout_loops_corners, chequers_ecumenical_altar_simple,
          chequers_serial_rivers_small_3
D:4:      cheibrodos_thug_alley, layout_layer_cave, enter_ossuary_2,
          serial_rivers, chequers_serial_rivers_large_a,
          chequers_serial_rivers_micro_b, chequers_serial_rivers_large_b,
          chequers_serial_rivers_small_b, chequers_serial_rivers_room_b,
          chequers_serial_rivers_micro_c
Ossuary:  ossuary_due_pyramid

Skill      XL: |  1  2  3  4  5 |
---------------+----------------+-----
Poison Magic   | 4 5 |  5.0
Spellcasting   | 3 |  3.9
Axes           | 1 |  1.7
Short Blades   | |  0.4
Dodging        | |  1.9
Stealth        | |  1.8
Shields        | |  0.1
Transmutations | |  0.8

Action                   |  1- 3 |  4- 6 || total
-------------------------+-------+-------++-------
Melee: Short sword       |    22 |     1 ||    23
       Unarmed           |     2 |       ||     2
       Dagger            |     1 |       ||     1
       Hand axe          |       |   164 ||   164
 Cast: Sting             |    59 |    44 ||   103
  Use: Scroll            |       |     3 ||     3
Armor: Robe              |    20 |    29 ||    49
Dodge: Dodged            |    43 |    88 ||   131
Block: Other             |       |    29 ||    29

Table legend: (Time is in decaauts)
 A = Elapsed time spent in this place.
 B = Non-inter-level travel time spent in this place.
 C = Inter-level travel time spent in this place.
 D = Time resting spent in this place.
 E = Time spent auto-exploring this place.
 F = Levels seen in this place.
 G = Mean time per level.
                   A        B        C        D        E       F      G
               +--------+--------+--------+--------+--------+-----+--------+
         Total |   5590 |   5484 |    106 |   2256 |   1944 |   5 | 1118.0 |
       Dungeon |   3783 |   3677 |    106 |    991 |   1944 |   4 |  945.8 |
       Ossuary |   1806 |   1806 |      0 |   1265 |      0 |   1 | 1806.0 |
               +--------+--------+--------+--------+--------+-----+--------+

Top non-repeatable levels by time:
 Ossuary: 1806 daAuts
     D:1: 1599 daAuts
     D:2: 1132 daAuts
     D:3: 970 daAuts
     D:4: 80 daAuts
